 Dungeon Crawl Stone Soup version 0.31-a0-217-g58bb5d79cf (webtiles) character file.

Game seed: 13261781218671809622

177 qw the Shooter (level 5, -8/30 HPs)
             Began as a Gargoyle Hexslinger on July 2, 2023.
             Killed from afar by an orc wizard (11 damage)
             ... with a puff of flame
             ... on level 4 of the Dungeon.
             The game lasted 00:00:57 (2734 turns).

qw the Shooter (Gargoyle Hexslinger)                Turns: 2734, Time: 00:00:57

Health: -8/30      AC: 10    Str: 12    XL:     5   Next: 57%
Magic:  6/6        EV: 10    Int: 13    God:
Gold:   202        SH:  0    Dex: 14    Spells: 5/6 levels left

rFire   . . .        Y - +1 sling
rCold   . . .        (no shield)
rNeg    + . .        i - +0 ring mail
rPois   inf          (no helmet)
rElec   +            (no cloak)
rCorr   .            (no gloves)
SInv    .            g - +0 pair of boots
Will    .....        (no amulet)
Stlth   +            (no ring)
HPRegen 0.25/turn    (no ring)
MPRegen 0.10/turn

%: no passive effects
@: no status effects
A: sickness immunity, AC +4, negative energy resistance 1, electricity
resistance, torment resistance 1, petrification resistance
a: no special abilities


You were on level 4 of the Dungeon.
You visited 1 branch of the dungeon, and saw 4 of its levels.

You collected 202 gold pieces.


Innate Abilities, Weirdness & Mutations

You are immune to sickness and miasma.
Your stone body is resilient. (AC +4)
You are immune to poison.
You resist negative energy. (rN+)
You are resistant to electric shocks. (rElec)
You are resistant to unholy torment.
You are immune to petrification.


   Skills:
 - Level 2.0 Fighting
 + Level 4.9 Ranged Weapons
 - Level 1.9 Armour
 - Level 1.5 Dodging
 - Level 1.0 Spellcasting
 - Level 2.6 Hexes


You had 5 spell levels left.
You knew the following spells:

 Your Spells              Type           Power      Damage    Failure   Level
a - Slow                  Hex            28%        N/A       21%         1

Your spell library contained the following spells:

 Spells                   Type           Power      Damage    Failure   Level
 Inner Flame              Hex/Fire       4%         N/A       71%         3
 Portal Projectile        Hex/Tloc       8%         N/A       71%         3
 Cause Fear               Hex            3%         N/A       90%         4

Inventory:

Hand Weapons
 Y - a +1 sling (weapon)
Armour
 g - a +0 pair of boots (worn)
 i - a +0 ring mail (worn)
Scrolls
 j - a scroll of identify
Potions
 a - a potion of enlightenment {unknown}
 b - a potion of mutation {unknown}
 c - a potion of lignification {unknown}
 d - a potion of cancellation {unknown}
 e - 2 potions of curing
 f - a potion of ambrosia {unknown}

Dungeon Overview and Level Annotations

Branches:
Dungeon (4/15)
 Temple: D:4-7

Altars:
Qazlal
Wu Jian

Shops:
D:1 !   D:2 :


Message History

You hear some strange, mumbled words.
A puff of flame appears from out of thin air!
The puff of flame hits you. The orc hits you but does no damage.
The orc hits you with a +0 club. The adder bites you but does no damage.
Something hits you but does no damage. The orc closely misses you.
The orc hits you but does no damage.
You shoot a sling bullet.
The sling bullet closely misses the adder.
The adder bites you but does no damage.
The howler monkey hoots and howls with incredible vigour!
The adder closely misses you. The orc hits you with a +0 club.
You hear some strange, mumbled words.
A puff of flame appears from out of thin air!
The puff of flame hits you! The orc hits you with a +0 hand axe.
The orc barely misses you.
You hear a shout! x2
2731 ||| DRINKING potion of heal wounds.
You feel much better. The adder bites you but does no damage.
The orc hits you with a +0 club. Something hits you but does no damage.
The orc hits you with a +0 hand axe. The orc hits you with a +0 club.
You shoot a sling bullet. The sling bullet hits the adder!
You kill the adder!
The orc hits you but does no damage. Something hits you but does no damage.
The orc hits you but does no damage.
You shoot a sling bullet.
The sling bullet closely misses the orc.
The orc hits you with a +0 club. Something hits you.
The orc hits you but does no damage.
An endoplasm comes into view.
You shoot a sling bullet.
The sling bullet closely misses the orc.
The orc barely misses you.
An ogre comes into view. It is wielding a +0 giant club.
Something hits you but does no damage. x2; The orc hits you but does no damage.
The orc completely misses you. Something hits you but does no damage.
You hear some strange, mumbled words.
A puff of flame appears from out of thin air!
The puff of flame hits you!
You die...

#...# #OJ.# #...# ###
#...# ##### #...
#...###...## .....
#h..##.....##
......#oo.#.......#
.$....%@{o'..)....#
.....$#.{.#.......#
.....##...##.....## .
#...##.....##...## ###
..#####...##..#######. ..#
#.......#.###......... ..#
#.........################
..#
#.........................
..#
#........#.##############.


You could see an ogre (wandering), a howler monkey, 3 orcs and an endoplasm.

Vanquished Creatures
  A howler monkey (D:4)
  3 gnolls (D:3)
  5 adders
  A worm (D:2)
  4 dart slugs
  3 endoplasms
  4 giant cockroaches
  4 goblins
  10 hobgoblins
  4 kobolds
  6 quokkas
  3 ball pythons
  5 bats
  A frilled lizard (D:1)
  3 rats
57 creatures vanquished.

Notes
Turn   | Place    | Note
-------+----------+-------------------------------------------
     0 | D:1      | qw the Gargoyle Hexslinger began the quest for the Orb.
     0 | D:1      | Reached XP level 1. HP: 12/12 MP: 2/2
     0 | D:1      | 0 ||| qw: Version: 0.3-a-40-ge99b1a8
     0 | D:1      | 0 ||| qw: Game counter: 252
     0 | D:1      | 0 ||| qw: Melee chars always use a shield: true
     0 | D:1      | 0 ||| qw: God list: Okawaru
     0 | D:1      | 0 ||| qw: Allow faded altars: false
     0 | D:1      | 0 ||| qw: Do Orc after clearing Dungeon:15 true
     0 | D:1      | 0 ||| qw: Do second Lair branch before Depths: true
     0 | D:1      | 0 ||| qw: Lair rune preference: random
     0 | D:1      | 0 ||| qw: Goals: Normal
     0 | D:1      | 0 ||| PLANNING D:1-11
    59 | D:1      | Found Cargham's Distillery.
    64 | D:1      | 64 ||| SHOPLISTING 2 potions of curing (60 gold, have 0).
    64 | D:1      | 64 ||| SHOPLISTING potion of cancellation (80 gold, have
                  | 0).
    64 | D:1      | 64 ||| SHOPLISTING potion of curing (30 gold, have 0).
    64 | D:1      | 64 ||| SHOPLISTING potion of haste (100 gold, have 0).
    64 | D:1      | 64 ||| SHOPLISTING potion of might (40 gold, have 0).
   156 | D:1      | Reached XP level 2. HP: 16/16 MP: 3/3
   335 | D:1      | Reached skill level 3 in Ranged Weapons
   667 | D:1      | Found a faded altar of an unknown god.
   817 | D:1      | Reached XP level 3. HP: 21/21 MP: 4/4
   946 | D:1      | 946 ||| UPGRADING to +0 leather armour.
   956 | D:1      | 956 ||| DROPPING +0 robe.
   957 | D:1      | 957 ||| READING 2 scrolls labelled MAZXAU SOMME.
   958 | D:1      | 958 ||| READING scroll labelled EPEBUW TUNI.
   959 | D:1      | 959 ||| DRINKING 3 sedimented coppery potions.
   960 | D:1      | 960 ||| DROPPING scroll of immolation.
   961 | D:1      | 961 ||| DROPPING scroll of poison.
  1161 | D:2      | Found Juabb's Book Emporium.
  1582 | D:2      | 1582 ||| READING scroll labelled LUFAXU AMPIWO.
  1583 | D:2      | 1583 ||| READING scroll labelled SECSU NUIN WESK.
  1584 | D:2      | 1584 ||| READING scroll labelled CYPRUFR RIFUE.
  1585 | D:2      | 1585 ||| DRINKING 2 fizzy blue potions.
  1616 | D:3      | HP: 4/21 [gnoll/+0 flail (6)]
  1617 | D:3      | 1617 ||| DRINKING 2 potions of heal wounds.
  1619 | D:3      | Reached XP level 4. HP: 24/26 MP: 5/5
  1623 | D:3      | Reached skill level 4 in Ranged Weapons
  1970 | D:3      | Reached XP level 5. HP: 29/30 MP: 6/6
  2318 | D:3      | Found a stormy altar of Qazlal.
  2318 | D:3      | Found an ornate altar of the Wu Jian Council.
  2405 | D:3      | 2405 ||| UPGRADING to +0 pair of boots.
  2410 | D:3      | 2410 ||| UPGRADING to +0 ring mail.
  2420 | D:3      | 2420 ||| DROPPING +0 leather armour.
  2421 | D:3      | 2421 ||| READING scroll labelled GIOKHORIOD.
  2720 | D:4      | 2720 ||| DRINKING 3 potions of curing.
  2720 | D:4      | 2720 ||| (to cure confusion)
  2726 | D:4      | Reached skill level 1 in Armour
  2730 | D:4      | HP: 7/30 [something/puff of flame (7)]
  2731 | D:4      | 2731 ||| DRINKING potion of heal wounds.
  2733 | D:4      | HP: 3/30 [orc/+0 club (5)]
  2734 | D:4      | Noticed an ogre
  2734 | D:4      | Killed from afar by an orc wizard

Levels and vault maps discovered:
D:1:      lemuel_arrival_lava_pool, layout_basic,
          dreamdust_ecumenical_altar_angels_and_demons, serial_shops, shop
D:2:      layout_basic, serial_shops, shop, kennysheep_decorative_pillar,
          chequers_serial_rivers_micro_a
D:3:      layout_loops_ring, gammafunk_temple_overflow_elements, st_stairs_1,
          serial_bayou_ford_a, grunt_decor_junction
D:4:      kennysheep_six_static_rooms, layout_basic, grunt_ministairs_7

Skill      XL: |  1  2  3  4  5 |
---------------+----------------+-----
Ranged Weapons | 3 4 |  4.9
Fighting       | 2 |  2.0
Armour         | 1 |  1.9
Dodging        | |  1.5
Spellcasting   | |  1.0
Hexes          | |  2.6

Action                     |  1- 3 |  4- 6 || total
---------------------------+-------+-------++-------
   Fire: Sling             |   129 |    96 ||   225
    Use: Scroll            |     5 |     1 ||     6
         Potion            |     3 |     2 ||     5
 Armour: Robe              |     3 |       ||     3
         Leather armour    |     8 |    20 ||    28
         Ring mail         |       |    28 ||    28
  Dodge: Dodged            |    28 |    58 ||    86

Table legend:
 A = Non-vault XP
 B = Vault XP
 C = Vault XP percentage of total XP
 D = Non-vault monster count
 E = Vault monster count
 F = Vault count percentage of total count
                 A         B        C        D         E       F
            +---------+---------+-------+---------+---------+-------
      Total |     223 |      30 |  11.9 |      53 |       4 |   7.0
            +---------+---------+-------+---------+---------+-------
        D:1 |      35 |       0 |   0.0 |      19 |       0 |   0.0
        D:2 |      38 |       0 |   0.0 |      17 |       0 |   0.0
        D:3 |      92 |      15 |  14.0 |      13 |       2 |  13.3
        D:4 |      58 |      15 |  20.5 |       4 |       2 |  33.3
            +---------+---------+-------+---------+---------+-------
